 Dungeon Crawl Stone Soup version 0.31-a0-1620-gcbf77bbcfc (webtiles) character file.

Game seed: 7557749100453639014

120 Newt the Trooper (level 4, -10/37 HPs)
             Began as a Demonspawn Gladiator on Jan 11, 2024.
             Killed by psychic fangs
             ... invoked by a brain worm
              (14 damage)
             ... in a sewer.
             The game lasted 00:02:19 (1733 turns).

Newt the Trooper (Demonspawn Gladiator)             Turns: 1733, Time: 00:02:20

Health: -10/37     AC: 10    Str: 16    XL:     4   Next: 75%
Magic:  0/4        EV: 12    Int:  9    God:
Gold:   105        SH:  0    Dex: 14    Spells: 3/3 levels left

rFire   . . .        a - +0 rapier
rCold   . . .        (no shield)
rNeg    . . .        b - +0 leather armour
rPois   .            (helmet restricted)
rElec   .            m - +0 cloak
rCorr   .            (no gloves)
SInv    .            (no boots)
Will    .....        (no amulet)
Stlth   +            r - +4 ring of protection
HPRegen 0.26/turn    (no ring)
MPRegen 0.09/turn

%: no passive effects
@: no status effects
A: antennae 1, thin metallic scales 1, foul stench 1
a: no special abilities


You were in a sewer.
You visited 1 branch of the dungeon, and saw 3 of its levels.
You also visited: Sewer.

You collected 105 gold pieces.

Inventory:

Hand Weapons
 a - a +0 rapier (weapon)
Missiles
 d - 3 throwing nets (quivered)
 e - a javelin
Armour
 b - a +0 leather armour (worn)
 c - a +0 helmet
 m - a +0 cloak (worn)
Jewellery
 r - a +4 ring of protection (left hand)
Wands
 j - a wand of acid (11)
Scrolls
 n - a scroll of immolation {unknown}
 o - a scroll of teleportation {unknown}
 p - a scroll of butterflies {unknown}
 q - a scroll of silence {unknown}
Potions
 f - a potion of curing {unknown}
 g - 2 potions of heal wounds {unknown}
 h - a potion of mutation {unknown}
 i - 2 potions of brilliance {unknown}
 k - 2 potions of enlightenment {unknown}
 l - 3 potions of attraction {unknown}


   Skills:
 - Level 4.0 Fighting
 + Level 3.9 Short Blades
 - Level 1.7 Throwing
 - Level 2.6 Dodging


You had 3 spell levels left.
You didn't know any spells.
Your spell library was empty.

Dungeon Overview and Level Annotations

Branches:
Dungeon (3/15)              Sewer (1/1)

Altars:
Vehumet

Shops:
D:2 [

Annotations:
Sewer Pargi


Innate Abilities, Weirdness & Mutations

You have a pair of small antennae on your head.
You are partially covered in thin metallic scales. (AC +2)
You may rarely emit foul miasma when damaged in melee.


Message History

Something gnaws on your mind!
You feel your power leaking away.
Pargi the Meek comes into view.
The bat hits you but does no damage.
The brain worm's bulging head throbs.
Something gnaws on your mind!
You feel your power leaking away.
Unknown command.
The bat barely misses you.
The brain worm's bulging head throbs.
Something gnaws on your mind!
You feel your power leaking away.
You hit the bat but do no damage. The bat closely misses you.
The bat completely misses you.
You barely miss the bat. The bat closely misses you. The bat barely misses you.
You miss the bat. The bat hits you. The bat closely misses you.
The bat hits you but does no damage.
You closely miss the bat. The bat hits you but does no damage.
You closely miss the bat. The bat hits you but does no damage. x2
The brain worm's throbbing head pulsates.
Something gnaws on your mind!
* * * LOW HITPOINT WARNING * * *
You feel your power leaking away.
You closely miss the bat. The bat barely misses you. The bat misses you.
You closely miss the bat. The bat hits you but does no damage.
You closely miss the bat. The bat closely misses you.
The brain worm's throbbing head pulsates.
Something gnaws on your mind!
* * * LOW HITPOINT WARNING * * *
You feel your power leaking away. The bat closely misses you.
Aiming: Corrosive Bolt
Press: ? - help, Shift-Dir - straight line, f - bat
Aim: a bat (57% to hit)
The bolt of acid misses the bat.
The bolt of acid hits the brain worm!
The brain worm is heavily wounded.
The bat barely misses you.
The brain worm's throbbing head pulsates.
Something gnaws heavily on your mind!
You die...

#..≈≈≈..#
#...≈...#
##.....##
##...## ##.##
#.# #.# #.# #@#
. #b#
....####w######
T....!.........∩
....####.#######
. #.# #.# ###


You could see a brain worm and a bat.

Vanquished Creatures
  An orc wizard (D:3)
  4 adders
  A dart slug (D:1)
  3 ribbon worms (D:3)
  4 orcs (D:3)
  8 bats
  3 endoplasms
  2 giant cockroaches
  4 goblins
  2 hobgoblins (D:1)
  4 kobolds
  A quokka (D:2)
  6 ball pythons
  2 frilled lizards
  4 rats
49 creatures vanquished.

Notes
Turn   | Place    | Note
-------+----------+-------------------------------------------
     0 | D:1      | Newt the Demonspawn Gladiator began the quest for the Orb.
     0 | D:1      | Reached XP level 1. HP: 16/16 MP: 1/1
   184 | D:1      | Gained mutation: You have a pair of small antennae on your
                  | head. [demonic ancestry]
   184 | D:1      | Reached XP level 2. HP: 23/23 MP: 2/2
   237 | D:1      | Reached skill level 3 in Fighting
   598 | D:2      | Gained mutation: You may rarely emit foul miasma when
                  | damaged in melee. [demonic ancestry]
   598 | D:2      | Reached XP level 3. HP: 26/29 MP: 3/3
  1028 | D:2      | Reached skill level 4 in Fighting
  1238 | D:2      | Found Vujaygg's Armour Emporium.
  1359 | D:3      | Gained mutation: You are partially covered in thin metallic
                  | scales. (AC +2) [demonic ancestry]
  1359 | D:3      | Reached XP level 4. HP: 31/37 MP: 4/4
  1400 | D:3      | Found a radiant altar of Vehumet.
  1640 | D:3      | Found a glowing drain.
  1690 | Sewer    | Entered a sewer
  1715 | Sewer    | Noticed a brain worm
  1720 | Sewer    | Noticed Pargi
  1733 | Sewer    | Killed from afar by a brain worm

Illustrated notes

Levels and vault maps discovered:
D:1:      psy_arrival_statuary, layout_rooms, serial_bayou_lagoon_a
D:2:      layout_loops_ring, serial_shops, nicolae_shop_behind_doors
D:3:      layout_basic, mainiacjoe_overflow_small_starburst,
          cheibrodos_sewer_entry_drain, uniq_robin
Sewer:    sewer_big_baddie

Skill      XL: |  1  2  3 |
---------------+----------+-----
Fighting       | 3 4 |  4.0
Short Blades   | 3 |  3.9
Throwing       | |  1.7
Dodging        | |  2.6

Action                     |  1- 3 |  4- 6 || total
---------------------------+-------+-------++-------
  Melee: Rapier            |   120 |    83 ||   203
  Throw: Javelin           |       |     1 ||     1
  Evoke: Wand              |       |     1 ||     1
 Armour: Leather armour    |    77 |    69 ||   146
  Dodge: Dodged            |    89 |    87 ||   176

Table legend: (Time is in decaauts)
 A = Elapsed time spent in this place.
 B = Non-inter-level travel time spent in this place.
 C = Inter-level travel time spent in this place.
 D = Time resting spent in this place.
 E = Time spent auto-exploring this place.
 F = Levels seen in this place.
 G = Mean time per level.
                   A        B        C        D        E       F      G
               +--------+--------+--------+--------+--------+-----+--------+
         Total |   1760 |   1697 |     63 |    112 |   1161 |   4 |  440.0 |
       Dungeon |   1718 |   1655 |     63 |    112 |   1153 |   3 |  572.7 |
         Sewer |     42 |     42 |      0 |      0 |      8 |   1 |   42.0 |
               +--------+--------+--------+--------+--------+-----+--------+

Top non-repeatable levels by time:
     D:2: 753 daAuts
     D:1: 605 daAuts
     D:3: 359 daAuts
   Sewer: 42 daAuts
